 Dungeon Crawl Stone Soup version 0.31.0-12-g77e489cdc1 (webtiles) character file.

Game seed: 5489398438890500084

30 H0rd4k the Charlatan (level 3, -1/24 HPs)
             Began as an Octopode Artificer on Mar 6, 2024.
             Slain by a kobold
             ... wielding a +0 dagger
              (4 damage)
             ... on level 2 of the Dungeon.
             The game lasted 00:00:58 (1033 turns).

H0rd4k the Charlatan (Octopode Artificer)           Turns: 1033, Time: 00:00:59

Health: -1/24      AC:  1    Str: 11    XL:     3   Next: 18%
Magic:  3/3        EV: 13    Int: 15    God:
Gold:   62         SH:  0    Dex: 12    Spells: 2/2 levels left

rFire   . .          .
                       - Unarmed
rCold   . . .        (no shield)
rNeg    . . .        (helmet restricted)
rPois   .            (no amulet)
rElec   .            (no ring)
rCorr   .            (no ring)
SInv    .            (no ring)
Will    .....        (no ring)
Stlth   +++          (no ring)
HPRegen 0.24/turn    (no ring)
MPRegen 0.08/turn    (no ring)
                     (no ring)

%: no passive effects
@: no status effects
A: almost no armour, amphibious, 8 rings, camouflage 1, gelatinous body 1,
(nimble swimmer 1), tentacles
a: no special abilities


You were on level 2 of the Dungeon.
You visited 1 branch of the dungeon, and saw 2 of its levels.

You collected 62 gold pieces.

Inventory:

Missiles
 i - 2 throwing nets
Magical Staves
 e - a staff of earth
Wands
 b - a wand of flame (15) (quivered)
 c - a wand of charming (13)
 d - a wand of iceblast (5)
Scrolls
 a - a scroll of enchant weapon {unknown}
 g - 2 scrolls of identify {unknown}
 h - a scroll of poison {unknown}
 j - 2 scrolls of immolation {unknown}
 k - a scroll of noise {unknown}
Potions
 f - 2 potions of curing {unknown}


   Skills:
 + Level 1.7 Fighting
 - Level 2.3 Dodging
 - Level 1.3 Stealth
 + Level 2.2 Unarmed Combat
 - Level 3.2 Evocations


You had 2 spell levels left.
You didn't know any spells.
Your spell library was empty.

Dungeon Overview and Level Annotations

Branches:
Dungeon (2/15)

Altars:


Innate Abilities, Weirdness & Mutations

You cannot wear most types of armour.
You are amphibious.
You can wear up to eight rings at the same time.
Your skin changes colour to match your surroundings (Stealth+).
Your rubbery body absorbs attacks. (AC +1, EV +1)
((You are camouflaged when in or above water. (Stealth+)))
You have tentacles for arms and can constrict up to eight enemies at once.


Message History

You tentacle-slap the hobgoblin. Your grab misses the hobgoblin.
The hobgoblin is almost dead.
The hobgoblin hits you. The hobgoblin misses you.
You tentacle-slap the hobgoblin.
You kill the hobgoblin!
The bat barely misses you. The hobgoblin hits you.
You miss the adder. Your grab misses the adder. Your squeeze misses the adder.
The bat closely misses you. The bat barely misses you.
The adder barely misses you. The hobgoblin closely misses you.
You tentacle-slap the adder. Your grab misses the adder.
The adder is moderately wounded.
The bat hits you but does no damage. The adder bites you.
The hobgoblin hits you.
You miss the adder. Your grab misses the adder.
The adder is moderately wounded.
The bat hits you but does no damage. The adder bites you.
* * * LOW HITPOINT WARNING * * *
The hobgoblin misses you.
You closely miss the adder. Your grab misses the adder.
The adder is moderately wounded.
The bat barely misses you. The adder bites you.
* * * LOW HITPOINT WARNING * * *
The adder closely misses you. The hobgoblin barely misses you.
You tentacle-slap the adder but do no damage.
Your grab misses the adder. Your squeeze misses the adder.
The adder is moderately wounded.
The bat barely misses you. The adder closely misses you.
Aiming: Charm
Press: ? - help, Shift-Dir - straight line, f - adder
Aim: an adder (moderately wounded, chance to affect: 66%)
The adder is charmed.
The bat hits you but does no damage. The kobold barely misses you.
The hobgoblin closely misses you. The bat hits you but does no damage.
Unknown command.
Aiming: Charm
Press: ? - help, Shift-Dir - straight line, f - endoplasm, p - adder
Aim: an endoplasm (chance to affect: 73%)
The endoplasm is charmed.
The bat barely misses you. The kobold hits you with a +0 dagger.
You die...

#............
###............
..............
#............
#............
#...........
#.KSg...... #####
##.@J..# ##...##
#.....##
##.....####..b.## #
#.......##.....#
.###............#.....
................#.....
##...........####..>...
...#........## ......
..##.......## .....


You could see a hobgoblin, a bat, a kobold, a friendly adder (charmed) and a
friendly endoplasm (charmed).

Vanquished Creatures
  2 dart slugs (D:1)
  3 ball pythons (D:1)
  3 endoplasms
  A giant cockroach (D:1)
  3 hobgoblins
  3 jackals (D:1)
  2 kobolds (D:1)
  3 bats
  A frilled lizard (D:1)
  A goblin (D:1)
  2 rats
24 creatures vanquished.

Notes
Turn   | Place    | Note
-------+----------+-------------------------------------------
     0 | D:1      | H0rd4k the Octopode Artificer began the quest for the Orb.
     0 | D:1      | Reached XP level 1. HP: 13/13 MP: 1/1
   108 | D:1      | Reached skill level 1 in Unarmed Combat
   186 | D:1      | Reached XP level 2. HP: 16/18 MP: 2/2
   220 | D:1      | Found a faded altar of an unknown god.
   703 | D:1      | Reached XP level 3. HP: 21/24 MP: 3/3
  1033 | D:2      | Slain by a kobold

Illustrated notes

Levels and vault maps discovered:
D:1:      lemuel_arrival_funnel, layout_loops_corners,
          shapermc_ecumenical_altar_gd
D:2:      layout_rooms, kennysheep_path_1, minmay_tripent

Skill      XL: |  1  2 |
---------------+-------+-----
Unarmed Combat | 1 2 |  2.2
Fighting       | |  1.7
Dodging        | |  2.3
Stealth        | |  1.3
Evocations     | |  3.2

Action                     || total
---------------------------++-------
  Melee: Unarmed           ||    65
         Tentacles         ||    17
         Constrict         ||    12
         Punch             ||     1
  Evoke: Wand              ||     2
   Stab: Sleeping          ||     6
 Armour: Skin              ||    29
  Dodge: Dodged            ||    51
